 Dungeon Crawl Stone Soup version 0.21-a0-401-g0b6bec4 (webtiles) character file.

53 tidbits the Charmwright (level 3, 0/31 HPs)
             Began as a Gnoll Skald on Oct 22, 2017.
             Slain by a goblin (2 damage)
             ... led by Robin
             ... on level 2 of the Dungeon.
             The game lasted 00:02:54 (396 turns).

tidbits the Charmwright (Gnoll Skald)                Turns: 396, Time: 00:02:54

Health: 0/31       AC:  3    Str: 13    XL:     3   Next: 87%
Magic:  1/9        EV: 20    Int: 19    God:
Gold:   29         SH:  0    Dex: 19    Spells: 1/12 levels left

rFire    . . .     SeeInvis .   a - +0 hand axe
rCold    . . .     Gourm    .   (no shield)
rNeg     . . .     Faith    .   b - +0 leather armour
rPois    .         Spirit   .   (no helmet)
rElec    .         Reflect  .   (no cloak)
rCorr    .         Harm     .   (no gloves)
MR       .....                  (no boots)
Stlth    +++.......             (no amulet)
HPRegen  0.10/turn              j - +3 ring of intelligence
MPRegen  0.11/turn              (no ring)

@: agile, infused
A: distributed training, fangs 1, strong nose
a: no special abilities


You were on level 2 of the Dungeon.
You were not hungry.

You visited 1 branch of the dungeon, and saw 3 of its levels.

You collected 29 gold pieces.

Inventory:

Hand Weapons
 a - a +0 hand axe (weapon)
Missiles
 e - 67 stones (quivered)
 h - 17 sling bullets
Armour
 b - a +0 leather armour (worn)
Jewellery
 j - a +3 ring of intelligence (left hand)
   (You found it on level 1 of the Dungeon)
Scrolls
 g - a scroll of magic mapping {unknown}
 i - a scroll of identify {unknown}
 m - 2 scrolls of teleportation {unknown}
Potions
 f - a potion of might {unknown}
 l - a potion of agility
Books
 c - a book of Battle

   Spells                             Type                      Level
   a - Infusion                       Charms                       1
   b - Shroud of Golubria             Charms/Translocation         2
   c - Song of Slaying                Charms                       2
   d - Spectral Weapon                Hexes/Charms                 3
   e - Regeneration                   Charms/Necromancy            3
Comestibles
 d - a bread ration
 k - a meat ration


   Skills:
 + Level 4.6 Fighting
 + Level 1.0 Short Blades
 + Level 1.0 Long Blades
 + Level 4.6 Axes
 + Level 1.0 Maces & Flails
 + Level 1.0 Polearms
 + Level 1.0 Staves
 + Level 1.0 Slings
 + Level 1.0 Bows
 + Level 1.0 Crossbows
 + Level 1.0 Throwing
 + Level 2.6 Armour
 + Level 4.6 Dodging
 + Level 1.0 Stealth
 + Level 1.0 Shields
 + Level 1.0 Unarmed Combat
 + Level 5.0 Spellcasting
 + Level 0.7 Conjurations
 + Level 0.7 Hexes
 + Level 5.4 Charms
 + Level 0.7 Summonings
 + Level 0.7 Necromancy
 + Level 0.7 Translocations
 + Level 0.7 Transmutations
 + Level 0.7 Fire Magic
 + Level 0.7 Ice Magic
 + Level 0.7 Air Magic
 + Level 0.7 Earth Magic
 + Level 0.7 Poison Magic
 + Level 1.0 Invocations
 + Level 1.0 Evocations


You had one spell level left.
You knew the following spells:

 Your Spells              Type           Power        Failure   Level  Hunger
g - Shroud of Golubria    Chrm/Tloc      ###.......   7%          2    #......
i - Infusion              Chrm           ####         1%          1    None
r - Regeneration          Chrm/Necr      ###.......   13%         3    ##.....
w - Spectral Weapon       Hex/Chrm       ###.....     13%         3    ##.....
y - Song of Slaying       Chrm           ####....     2%          2    #......


Dungeon Overview and Level Annotations

Branches:
Dungeon (3/15)

Altars:

Annotations:
D:3 Robin


Innate Abilities, Weirdness & Mutations

Your experience applies equally to all skills.
You have very sharp teeth.
Your uncanny sense of smell can sniff out nearby items.


Message History

You hit the kobold.
You kill the kobold!
You hit the giant cockroach but do no damage.
The giant cockroach closely misses you. x2
You barely miss the giant cockroach.
Your spectral weapon closely misses the giant cockroach.
The giant cockroach barely misses you.
You hit the giant cockroach.
You kill the giant cockroach!
You see here a bat corpse.
There is an escape hatch in the floor here.
You see here a scroll labeled ERRINA GIDDASO.
m - 2 scrolls labeled ERRINA GIDDASO (gained 1)
Your spectral weapon fades away.
Found a stone staircase leading down.
Found 11 poisoned needles.
There is a stone staircase leading down here.
You climb downwards.
A goblin comes into view. It is wielding a club.
Found a leather armour.
There is a stone staircase leading up here.
Casting: Spectral Weapon
Confirm with . or Enter, or press ? or * to list all spells.
You miscast Spectral Weapon.
You are very lightly contaminated with residual magic.
Your hands glow momentarily.
Unknown command.
Found a scroll labeled BUASTE DIWUIS.
An orc comes into view. It is wielding a whip.
The orc shouts!
You hear a shout! x2
A goblin and an orc come into view.
The goblin shouts!
You hear a shout! x3
The goblin moves out of view.
Robin of the Strong Arm comes into view.
She is wielding a club.
Robin shouts!
A goblin comes into view. It is wielding a dagger.
The orc shouts!
The goblin hits you with a club.
The orc throws a tomahawk.
The tomahawk barely misses you. The goblin hits you but does no damage.
Robin throws the goblin at you!
The goblin shouts!
You hear a shout!
Robin roars a battlecry!
The goblins go into a battle-frenzy!
A goblin comes into view.
Robin throws the goblin at you!
An orc comes into view. It is wielding a short sword.
The goblin hits you with a dagger.
* * * LOW HITPOINT WARNING * * *
The goblin misses you.
There is a stone staircase leading up here.
The goblin barely misses you. The goblin hits you with a dagger.
* * * LOW HITPOINT WARNING * * *
You climb upwards.
There is a stone staircase leading down here.
Okay, then.
It was a potion of agility.
You feel agile all of a sudden. The goblin hits you.
* * * LOW HITPOINT WARNING * * *
The goblin hits you with a dagger.
* * * LOW HITPOINT WARNING * * *
Casting: Spectral Weapon
Confirm with . or Enter, or press ? or * to list all spells.
You begin infusing your attacks with magical energy.
The goblin misses you. The goblin barely misses you.
You hit the goblin!
You kill the goblin!
Your Short Blades skill increases to level 1!
Your Long Blades skill increases to level 1!
Your Maces & Flails skill increases to level 1!
Your Polearms skill increases to level 1!
Your Staves skill increases to level 1!
Your Slings skill increases to level 1!
Your Bows skill increases to level 1!
Your Crossbows skill increases to level 1!
Your Throwing skill increases to level 1!
Your Stealth skill increases to level 1!
Your Shields skill increases to level 1!
Your Unarmed Combat skill increases to level 1!
Your Evocations skill increases to level 1!
Your leather armour prevents you from hitting the goblin.
The goblin closely misses you.
You barely miss the goblin. The goblin completely misses you.
You barely miss the goblin. You bite the goblin, but do no damage.
The goblin hits you.
* * * LOW HITPOINT WARNING * * *
The goblin completely misses you.
You barely miss the goblin. The goblin barely misses you.
You hit the goblin.
The goblin is moderately wounded.
The goblin misses you.
You barely miss the goblin.
The goblin is moderately wounded.
The goblin misses you.
Your magical contamination has completely faded away.
You closely miss the goblin. You bite the goblin.
The goblin is heavily wounded.
The goblin no longer looks unusually strong.
The goblin hits you.
You die...

####........#
#...........#
#...........#
#..>........#
#..†......### ###
#....†....# ..#
#.........#
#)###.........#######
........<......)@gg.#
#.#################(#
#.# ### ∆ ∆


You could see 2 goblins.

Vanquished Creatures
  2 adders (D:2)
  A worm (D:2)
  2 dart slugs (D:1)
  A giant cockroach (D:2)
  4 hobgoblins
  4 jackals
  4 bats
  2 frilled lizards (D:1)
  3 goblins
  2 kobolds
  5 rats
30 creatures vanquished.

Notes
Turn   | Place    | Note
-------+----------+-------------------------------------------
     0 | D:1      | tidbits the Gnoll Skald began the quest for the Orb.
     0 | D:1      | Reached XP level 1. HP: 20/20 MP: 6/6
    93 | D:1      | Reached XP level 2. HP: 17/26 MP: 0/7
   229 | D:1      | Learned a level 2 spell: Song of Slaying
   232 | D:1      | Learned a level 2 spell: Shroud of Golubria
   295 | D:2      | Reached skill level 5 in Spellcasting
   295 | D:2      | Reached XP level 3. HP: 20/31 MP: 0/9
   306 | D:2      | Reached skill level 1 in Invocations
   311 | D:2      | Learned a level 3 spell: Regeneration
   322 | D:2      | Learned a level 3 spell: Spectral Weapon
   379 | D:3      | Noticed Robin
   390 | D:2      | Reached skill level 1 in Short Blades
   390 | D:2      | Reached skill level 1 in Long Blades
   390 | D:2      | Reached skill level 1 in Maces & Flails
   390 | D:2      | Reached skill level 1 in Polearms
   390 | D:2      | Reached skill level 1 in Staves
   390 | D:2      | Reached skill level 1 in Slings
   390 | D:2      | Reached skill level 1 in Bows
   390 | D:2      | Reached skill level 1 in Crossbows
   390 | D:2      | Reached skill level 1 in Throwing
   390 | D:2      | Reached skill level 1 in Stealth
   390 | D:2      | Reached skill level 1 in Shields
   390 | D:2      | Reached skill level 1 in Unarmed Combat
   390 | D:2      | Reached skill level 1 in Evocations
   392 | D:2      | HP: 2/31 [goblin[Robin] (3)]
   396 | D:2      | Slain by a goblin

Vault maps used:
D:1:      dpeg_arrival_signposts
D:2:      lemuel_blue_sif_altar
D:3:      elyvilon_altar_4, uniq_robin, uniq_grinder, uniq_ijyb

Skill      XL: |  1  2  3 |
---------------+----------+-----
Spellcasting   | 5 |  5.0
Invocations    | 1 |  1.0
Short Blades   | 1 |  1.0
Long Blades    | 1 |  1.0
Maces & Flails | 1 |  1.0
Polearms       | 1 |  1.0
Staves         | 1 |  1.0
Slings         | 1 |  1.0
Bows           | 1 |  1.0
Crossbows      | 1 |  1.0
Throwing       | 1 |  1.0
Stealth        | 1 |  1.0
Shields        | 1 |  1.0
Unarmed Combat | 1 |  1.0
Evocations     | 1 |  1.0
Fighting       | |  4.6
Axes           | |  4.6
Armour         | |  2.6
Dodging        | |  4.6
Conjurations   | |  0.7
Hexes          | |  0.7
Charms         | |  5.4
Summonings     | |  0.7
Necromancy     | |  0.7
Translocations | |  0.7
Transmutations | |  0.7
Fire Magic     | |  0.7
Ice Magic      | |  0.7
Air Magic      | |  0.7
Earth Magic    | |  0.7
Poison Magic   | |  0.7

Action                   || total
-------------------------++-------
Melee: Hand axe          ||    65
       Bite              ||     4
 Cast: Infusion          ||     7
       Spectral Weapon   ||     1
  Use: Potion            ||     1
Armor: Leather armour    ||    15
Dodge: Dodged            ||    59

Table legend:
 A = Spawn XP
 B = Non-spawn XP
 C = Spawn XP percentage of total XP
 D = Spawn monster count
 E = Non-spawn monster count
 F = Spawn count percentage of total count
 G = Total turns spent on level
                    A         B        C        D         E        F      G
               +---------+---------+-------+---------+---------+-------+---------
         Total |       0 |      76 |   0.0 |       0 |      30 |   0.0 |   396
               +---------+---------+-------+---------+---------+-------+---------
           D:1 |       0 |      28 |   0.0 |       0 |      17 |   0.0 |   288
           D:2 |       0 |      48 |   0.0 |       0 |      13 |   0.0 |    93
               +---------+---------+-------+---------+---------+-------+---------

Table legend:
 A = Turns spent in this place as a percentage of turns spent in the entire game.
 B = Non-inter-level travel turns spent in this place as a percentage of non-inter-level travel turns spent in the entire game.
 C = Inter-level travel turns spent in this place as a percentage of turns spent in this place.
 D = Turns resting spent in this place as a percentage of non-inter-level travel turns spent in this place.
 E = Turns spent auto-exploring this place as a percentage of non-inter-level travel turns spent in this place.
 F = Non-inter-level travel turns spent in this place divided by the number of levels of this place that you've seen.
                   A       B       C       D       E      F
               +-------+-------+-------+-------+-------+----------------------
         Total | 100.0 | 100.0 |   7.6 |   0.0 |   0.0 | 122.0
       Dungeon | 100.0 | 100.0 |   7.6 |   0.0 |   0.0 | 122.0
               +-------+-------+-------+-------+-------+----------------------

Table legend:
 A = Kills in this place as a percentage of kills in entire the game.
 B = Kills by you in this place as a percentage of kills by you in the entire game.
 C = Kills by friends in this place as a percentage of kills by friends in the entire game.
 D = Other kills in this place as a percentage of other kills in the entire game.
 E = Experience gained in this place as a percentage of experience gained in the entire game.
 F = Experience gained in this place divided by the number of levels of this place that you have seen.
                   A       B       C       D       E      F
               +-------+-------+-------+-------+-------+----------------------
         Total | 100.0 | 100.0 |   N/A |   N/A | 100.0 |  25.3
       Dungeon | 100.0 | 100.0 |   N/A |   N/A | 100.0 |  25.3
               +-------+-------+-------+-------+-------+----------------------

Vault maps used:
D:1:      dpeg_arrival_signposts
D:2:      lemuel_blue_sif_altar
D:3:      elyvilon_altar_4, uniq_robin, uniq_grinder, uniq_ijyb
